 Dungeon Crawl Stone Soup version 0.13.0-19-g8e0b589 (webtiles) character file.

1153 wormskull the Charmwright (level 7, -12/51 HPs)
             Began as a Demonspawn Skald on Oct 25, 2013.
             Was a Believer of Kikubaaqudgha.
             Mangled by Prince Ribbit (13 damage)
             ... on Level 6 of the Dungeon.
             The game lasted 01:04:39 (6009 turns).

wormskull the Charmwright (Demonspawn Skald)        Turns: 6009, Time: 01:05:03

HP -12/51        AC  8     Str 17      XL: 7   Next: 80%
MP  15/15        EV 11     Int 15      God: Kikubaaqudgha [**....]
Gold 251         SH  0     Dex 13      Spells:  3 memorised,  7 levels left

Res.Fire  : . . .   See Invis. : +   C - +0,+2 dwarf war axe (flame)
Res.Cold  : . . .   Warding    : .   B - +0 leather armour of Rotation {+Blink +Rage rElec SInv}
Life Prot.: . . .   Conserve   : .   (no shield)
Res.Poison: .       Res.Corr.  : .   (no helmet)
Res.Elec. : +       Clarity    : .   (no cloak)
Sust.Abil.: . .     Spirit.Shd : .   r - +1 pair of dwarf gloves
Res.Mut.  : .       Stasis     : .   (no boots)
Res.Rott. : .       Flight     : .   (no amulet)
Saprovore : . . .                    v - ring of wizardry
                                     y - ring of sustenance

@: exhausted, mighty, mildly poisoned, slowed, very slow, slightly resistant to
hostile enchantments, very unstealthy
A: talons 1, powered by pain 1, AC +3, EV -1
a: Receive Corpses, Renounce Religion, Evoke Blink, Evoke Berserk Rage


You were on level 6 of the Dungeon.
You worshipped Kikubaaqudgha.
Kikubaaqudgha was pleased with you.
You were hungry.

You visited 1 branch of the dungeon, and saw 6 of its levels.

You collected 231 gold pieces.

Inventory:

Hand weapons
 a - a +0,+0 hand axe {=f}
 m - a cursed +1,+2 elven short sword of venom
 C - a +0,+2 dwarven war axe of flaming (weapon)
 G - a +2,+0 dagger of speed
Missiles
 n - 3 darts
 D - 20 darts of flame (quivered)
Armour
 b - a +0 leather armour
 r - a +1 pair of dwarven gloves (worn)
 B - the +0 leather armour of Rotation (worn) {+Blink +Rage rElec SInv}
   (You found it on level 5 of the Dungeon)

   It insulates you from electricity.
   It enhances your eyesight.
   It lets you blink.
   It lets you go berserk.
Magical devices
 t - a wand of digging (7) {unknown}
 x - a wand of frost (1)
Comestibles
 d - 4 bread rations
 j - an apricot
 o - a choko
 s - 2 meat rations
 F - a chunk of bat flesh
Scrolls
 f - a scroll of curse weapon
 g - 2 scrolls of curse jewellery {unknown}
 h - a scroll of identify
 i - 8 scrolls of remove curse
 k - a scroll of curse armour
 l - a scroll of enchant weapon II {unknown}
 q - a scroll of enchant weapon I {unknown}
 E - a scroll of amnesia {unknown}
Jewellery
 v - a ring of wizardry (right hand)
 y - a ring of sustenance (left hand)
Books
 c - a book of Battle

   Spells                             Type                      Level
   *Infusion                          Charms                       1
   Shroud of Golubria                 Charms/Translocation         2
   *Song of Slaying                   Charms                       2
   Spectral Weapon                    Hexes/Charms                 3
   *Regeneration                      Charms/Necromancy            3
   Song of Shielding                  Charms                       4
 A - Kikubaaqudgha's Almanac of Evil Arts
   (Kikubaaqudgha gifted it to you on level 4 of the Dungeon)

   Spells                             Type                      Level
   Pain                               Necromancy                   1
   Corpse Rot                         Necromancy                   2
   Sublimation of Blood               Necromancy                   2
   *Regeneration                      Charms/Necromancy            3
   Control Undead                     Necromancy                   4


   Skills:
 + Level 3.5 Fighting
 - Level 2.1 Short Blades
 + Level 2.4 Axes
 + Level 2.4 Armour
 + Level 2.9 Dodging
 * Level 3.9 Spellcasting
 * Level 4.4 Charms
 * Level 3.2 Necromancy


You had 7 spell levels left.
You knew the following spells:

 Your Spells              Type           Power        Failure   Level  Hunger
a - Infusion              Chrm           ###...       1%          1    None
b - Song of Slaying       Chrm           ###.......   2%          2    ##.....
c - Regeneration          Chrm/Necr      ##........   5%          3    ###....


Dungeon Overview and Level Annotations

Branches:
Dungeon (6/27)
 Temple: D:4-7          Orc: D:6-11

Altars:
Kikubaaqudgha

Shops:
D:4 +   D:5 [

Annotations:
D:6 Prince Ribbit


Innate Abilities, Weirdness & Mutations

You have sharp toenails.
You are mostly covered in icy blue scales (AC +3, EV -1).
You sometimes gain a little power by taking damage.


Message History

* * * LOW HITPOINT WARNING * * *
Prince Ribbit blinks!
You feel a strong urge to attack something.
You feel your anger subside.
You are no longer berserk.
You pass out from exhaustion.
You feel yourself slow down.
You are feeling hungry.
You can move again.
Drink which item? (? for menu, Esc to quit)
That liquid tasted very nasty...
You are poisoned.
It was a potion of poison.
Prince Ribbit barely misses you.
Drink which item? (? for menu, Esc to quit)
Magic courses through your body.
It was a potion of magic.
* * * LOW HITPOINT WARNING * * *
You feel sick.
You feel a little better. Prince Ribbit hits you!
You die...
Kikubaaqudgha rasps: "You have failed me!
Welcome... death!"

#......# ......# #.....#
#.....# ###...###..# ##
###..#.......# #.#
#...#.#......# #.#
#..###..... #.. #.####@##
......... ##...##...#F#
#........... .....#......##
##...........
#....#.......###............
.#...........................
#.....(......................
..................F..........
..........###................
....(....## ##...............


You could see Prince Ribbit.

Vanquished Creatures
  Eustachio (D:6)
  A necrophage (D:5)
  Menkaure (D:6)
  A giant goldfish zombie (D:2)
  2 crimson imps (D:6)
  An orc priest (D:4)
  A centaur skeleton (D:4)
  A scorpion (D:4)
  An iguana (D:4)
  2 orc wizards (D:5)
  A worker ant (D:6)
  A worker ant zombie (D:6)
  7 adders
  3 gnolls (D:6)
  2 worms (D:5)
  A giant eyeball (D:5)
  4 giant geckos (D:1)
  An ooze (D:3)
  8 orcs
  3 ball pythons
  A bat zombie (D:2)
  8 giant cockroaches
  9 hobgoblins
  4 jackals (D:6)
  4 quokkas
  14 bats
  2 giant newts
  A giant newt skeleton (D:3)
  11 goblins
  9 kobolds
  16 rats
  2 rat zombies (D:2)
124 creatures vanquished.

Notes
Turn   | Place    | Note
--------------------------------------------------------------
     0 | D:1      | wormskull, the Demonspawn Skald, began the quest for the Orb.
     0 | D:1      | Reached XP level 1. HP: 15/15 MP: 3/3
    50 | D:1      | Reached skill level 1 in Dodging
   146 | D:1      | Gained mutation: You sometimes gain a little power by taking damage. [demonic ancestry]
   146 | D:1      | Reached XP level 2. HP: 9/21 MP: 5/5
   261 | D:1      | Reached skill level 1 in Armour
  1144 | D:2      | Gained mutation: You are partially covered in icy blue scales (AC +1). [demonic ancestry]
  1144 | D:2      | Reached XP level 3. HP: 23/26 MP: 4/6
  1272 | D:2      | Reached skill level 3 in Charms
  1759 | D:2      | Reached XP level 4. HP: 33/33 MP: 8/8
  1764 | D:2      | Learned a level 2 spell: Song of Slaying
  1835 | D:2      | Found an ancient bone altar of Kikubaaqudgha.
  1846 | D:2      | Became a worshipper of Kikubaaqudgha
  1872 | D:2      | Reached skill level 1 in Short Blades
  2578 | D:3      | Gained mutation: You have sharp toenails. [demonic ancestry]
  2578 | D:3      | Reached XP level 5. HP: 38/38 MP: 10/10
  3006 | D:4      | Found Bamapn's Book Boutique.
  3059 | D:4      | Acquired Kikubaaqudgha's first power
  3059 | D:4      | Received a gift from Kikubaaqudgha
  3076 | D:4      | Identified Kikubaaqudgha's Almanac of Evil Arts (Kikubaaqudgha gifted it to you on level 4 of the Dungeon)
  3081 | D:4      | Learned a level 3 spell: Regeneration
  3246 | D:4      | Reached skill level 1 in Necromancy
  3246 | D:4      | Reached XP level 6. HP: 36/45 MP: 12/12
  3877 | D:5      | Entered Level 5 of the Dungeon
  3905 | D:5      | Noticed a necrophage
  3942 | D:5      | Killed a necrophage
  3951 | D:5      | bingo: what muts did he get so far
  3959 | D:5      | bingo: cool
  4096 | D:5      | jackfruit: i forget what powered by pain does
  4096 | D:5      | Got a pitted leather armour
  4097 | D:5      | wormskull: I dont know
  4097 | D:5      | bingo: restores mp when youre hurt
  4097 | D:5      | jackfruit: good times
  4106 | D:5      | Identified the +0 leather armour of Rotation {+Blink +Rage rElec SInv} (You found it on level 5 of the Dungeon)
  4106 | D:5      | bingo: and at hgiher levels it can give you the effect of a agility or might potion
  4106 | D:5      | jackfruit: awww yeah
  4106 | D:5      | wormskull: Is this thing epic
  4106 | D:5      | jackfruit: its deece
  4106 | D:5      | wormskull: what is rElec SIv
  4106 | D:5      | jackfruit: resist elec see invisible
  4106 | D:5      | bingo: resist electric, see invisi=ible
  4106 | D:5      | wormskull: Epic
  4113 | D:5      | Found Diymerih's Armour Shop.
  4115 | D:5      | jackfruit: those are both pretty good, +blink ad +rage are good also
  4121 | D:5      | jackfruit: nice shop, for clowns
  4190 | D:5      | jackfruit: damn they made skald cool again
  4190 | D:5      | wormskull: Yea Im liking this so far.
  4219 | D:5      | jackfruit: gonna have to try out a helf sk
  4511 | D:5      | Paralysed by a giant eyeball for 2 turns
  4655 | D:5      | Reached skill level 4 in Charms
  4659 | D:5      | HP: 2/43 [orc wizard/wand of frost (7)]
  4660 | D:5      | jackfruit: q
  4753 | D:5      | wormskull: is the venom better than Flaming
  4783 | D:5      | wormskull: Holy Moly
  4784 | D:5      | jackfruit: for now they're about equal depending on how much kiting you like to do
  4786 | D:5      | jackfruit: later flaiming will be better
  4792 | D:5      | jackfruit: bcause everything ends up poison resist except like stuff in spider
  4801 | D:5      | jackfruit: the war axe does more damage tho
  4840 | D:6      | Gained mutation: You are mostly covered in icy blue scales (AC +3, EV -1). [demonic ancestry]
  4840 | D:6      | Reached XP level 7. HP: 43/48 MP: 14/14
  4846 | D:6      | Noticed Menkaure
  4854 | D:6      | jackfruit: agh menkaure
  4856 | D:6      | jackfruit: he shouild be weak to fire
  4856 | D:6      | Killed Menkaure
  4860 | D:6      | wormskull: Worst Teleport Of All Time
  4863 | D:6      | jackfruit: just go upstairs
  5115 | D:6      | Noticed Eustachio
  5119 | D:6      | wormskull: Why God
  5121 | D:6      | jackfruit: focus the summoner the imps are just irritating
  5127 | D:6      | Killed Eustachio
  5138 | D:6      | Noticed a manticore
  5920 | D:6      | Acquired Kikubaaqudgha's second power
  5987 | D:6      | Noticed Prince Ribbit
  5988 | D:6      | wormskull: Of All Thign
  6000 | D:6      | HP: 1/76 [Prince Ribbit (7)]
  6009 | D:6      | HP: 1/51 [poison (a potion of poison)]
  6009 | D:6      | Mangled by Prince Ribbit

Action                   |  1- 3 |  4- 6 |  7- 9 || total
-------------------------+-------+-------+-------++-------
Melee: Hand axe          |   126 |       |       ||   126
       Short sword       |    34 |   209 |       ||   243
       War axe           |       |    30 |    77 ||   107
Throw: Dart              |       |     3 |     3 ||     6
 Cast: Infusion          |     4 |     6 |     3 ||    13
       Song of Slaying   |       |     1 |       ||     1
       Regeneration      |       |     1 |     1 ||     2
Evoke: Wand              |       |       |     4 ||     4
  Use: Potion            |     3 |     1 |     4 ||     8
       Scroll            |     2 |     7 |     2 ||    11
